 Dungeon Crawl Stone Soup version 0.27-a0-1065-ge809cff456 (webtiles) character file.

Game seed: 8248851876821924294

42 senseless the Insei (level 3, -1/26 HPs)
             Began as a Demonspawn Transmuter on Apr 23, 2021.
             Succumbed to a kobold's poison
             ... on level 4 of the Dungeon.
             The game lasted 00:07:01 (2618 turns).

senseless the Insei (Demonspawn Transmuter)         Turns: 2618, Time: 00:07:02

Health: -1/26      AC:  2    Str: 11    XL:     3   Next: 33%
Magic:  5/6        EV: 12    Int: 14    God:
Gold:   101        SH:  0    Dex: 13    Spells: 5/6 levels left

rFire    . . .     SeeInvis .     - Unarmed
rCold    . . .     Faith    .   (no shield)
rNeg     . . .     Spirit   .   a - +0 robe
rPois    .         Reflect  .   (helmet currently unavailable)
rElec    .         Harm     .   (no cloak)
rCorr    .         Rampage  .   (no gloves)
Will     .....                  (boots currently unavailable)
Stlth    +.........             (no amulet)
HPRegen  0.08/turn              (no ring)
MPRegen  0.10/turn              (no ring)

@: lethally poisoned (-1 -> -9), appendages
A: horns 2, talons 2, powered by pain 1
a: End Transformation


You were on level 4 of the Dungeon.
You had temporarily grown beastly horns and talons.
You visited 1 branch of the dungeon, and saw 4 of its levels.

You collected 101 gold pieces.

Inventory:

Hand Weapons
 f - a +5 whip of flaming
Armour
 a - a +0 robe (worn)
 h - a +0 helmet (melded)
Scrolls
 b - a scroll of fear {unknown}
 d - 2 scrolls of amnesia
Potions
 c - a potion of invisibility
 e - a potion of degeneration {unknown}
 g - 2 potions of curing {unknown}
 i - a potion of resistance {unknown}


   Skills:
 + Level 1.0 Fighting
 + Level 1.8 Dodging
 + Level 0.1 Stealth
 + Level 3.3 Unarmed Combat
 + Level 2.3 Spellcasting
 + Level 2.3 Transmutations


You had 5 spell levels left.
You knew the following spells:

 Your Spells              Type           Power      Damage    Failure   Level
a - Beastly Appendage     Tmut           16%        N/A       9%          1

Your spell library contained the following spells:

 Spells                   Type           Power      Damage    Failure   Level
 Wereblood                Tmut           8%         N/A       13%         2
 Magic Dart               Conj           4%         1d3       22%         1
 Searing Ray              Conj           2%         3d3       34%         2
 Spider Form              Tmut/Pois      2%         N/A       38%         3
 Dazzling Flash           Conj/Hex       2%         N/A       56%         3
 Ice Form                 Ice/Tmut       4%         N/A       80%         4
 Fulminant Prism          Conj/Hex       0%         3d6       92%         4
 Iskenderun's Mystic Bla  Conj/Tloc      1%         2d3       92%         4
 Hydra Form               Tmut           4%         N/A       94%         5


Dungeon Overview and Level Annotations

Branches:
Dungeon (3/15)

Altars:

Shops:
D:1 *   D:3 [


Innate Abilities, Weirdness & Mutations

You have temporarily grown beastly horns and talons.
You sometimes gain a little power by taking damage.


Message History

Your +0 helmet unmelds from your body.
HP restored.
Things that are here:
a +0 short sword; a +0 chain mail
b - a scroll labelled XAEKY TAUMAO
Found a stone staircase leading down.
There is a stone staircase leading down here.
Found a leather armour.
Found 9 arrows.
Found 3 boomerangs.
You fall into a shaft and drop 1 floor!
The shaft crumbles and collapses.
Found 13 poisoned darts and a scroll of identify.
A jelly and a kobold come into view.
The kobold is wielding a +0 club and quivering poisoned darts.
The kobold throws a poisoned dart.
The poisoned dart closely misses you.
The jelly quivers.
The kobold throws a poisoned dart.
The poisoned dart barely misses you.
The kobold throws a poisoned dart.
The poisoned dart hits you.
You are poisoned.
You feel sick.
The kobold throws a poisoned dart.
The poisoned dart hits you!
You are more poisoned.
You feel sick.
The kobold throws a poisoned dart.
The poisoned dart hits you!
You are more poisoned.
You feel very sick.
You feel very sick.
You can't go up here!
Unknown command.
Casting: Beastly Appendage (safe; 9% risk of failure)
Confirm with . or Enter, or press ? or * to list all spells.
You grow a pair of large bovine horns.
Your feet morph into talons.
Your +0 helmet melds into your body.
You feel sick. The jelly hits you.
You are splashed with acid!
* * * LOW HITPOINT WARNING * * *
You are too injured to fight recklessly!
You hit the jelly.
Your hands burn!
* * * LOW HITPOINT WARNING * * *
Your kick misses the jelly.
The jelly is lightly wounded.
You die...

### #.+ #@#
#J#
##########.#
#..........#
#.........##
#..K(.....#
#.........#
#....K.K..#
#.....?...#


You could see a jelly and a kobold.

Vanquished Creatures
  An orc (D:3)
  3 bats
  An endoplasm (D:2)
  7 hobgoblins
  2 jackals (D:1)
  8 kobolds
  A quokka (D:2)
  4 ball pythons
  3 frilled lizards
  5 goblins
  2 rats (D:2)
37 creatures vanquished.

Notes
Turn   | Place    | Note
-------+----------+-------------------------------------------
     0 | D:1      | senseless the Demonspawn Transmuter began the quest for the
                  | Orb.
     0 | D:1      | Reached XP level 1. HP: 15/15 MP: 3/3
   220 | D:1      | Reached skill level 3 in Unarmed Combat
   393 | D:1      | Found Cawo's Assorted Antiques.
   439 | D:1      | Gained mutation: You sometimes gain a little power by
                  | taking damage. [demonic ancestry]
   439 | D:1      | Reached XP level 2. HP: 21/21 MP: 3/5
  1531 | D:2      | Reached XP level 3. HP: 26/26 MP: 4/6
  2239 | D:2      | Found a faded altar of an unknown god.
  2364 | D:3      | Found Meluloick's Antique Armour Shop.
  2607 | D:3      | You fall into a shaft and drop 1 floor!
  2618 | D:4      | HP: 1/26 [acid (5)]
  2618 | D:4      | Succumbed to a kobold's poison

Illustrated notes

Levels and vault maps discovered:
D:1:      sevenhm_arrival_forest_fort_small_4, layout_loops_corners,
          serial_shops, nicolae_shop_overgrown_old_shop
D:2:      minmay_chambers_of_twos, layout_loops_ring,
          shapermc_ecumenical_altar_notcrosses, minmay_tromino_v2
D:3:      layout_basic, serial_shops, shop
D:4:      layout_rooms, nicolae_vehumet_altar_sigil, grunt_temple_overflow_open,
          serial_shops, shop, minivault_19

Skill      XL: |  1  2 |
---------------+-------+-----
Unarmed Combat | 3 |  3.3
Transmutations | 2 |  2.3
Fighting       | |  1.0
Dodging        | |  1.8
Stealth        | |  0.1
Spellcasting   | |  2.3

Action                   || total
-------------------------++-------
Melee: Unarmed           ||   111
       Kick              ||    20
       Headbutt          ||     9
       Punch             ||     1
 Cast: Beastly Appendage ||    27
  Use: Scroll            ||     5
 Stab: Sleeping          ||     1
Armor: Robe              ||    19
Dodge: Dodged            ||    83

Table legend: (Time is in decaauts)
 A = Elapsed time spent in this place.
 B = Non-inter-level travel time spent in this place.
 C = Inter-level travel time spent in this place.
 D = Time resting spent in this place.
 E = Time spent auto-exploring this place.
 F = Levels seen in this place.
 G = Mean time per level.
                   A        B        C        D        E       F      G
               +--------+--------+--------+--------+--------+-----+--------+
         Total |   2616 |   2589 |     27 |      0 |   2299 |   4 |  654.0 |
       Dungeon |   2616 |   2589 |     27 |      0 |   2299 |   4 |  654.0 |
               +--------+--------+--------+--------+--------+-----+--------+

Top non-repeatable levels by time:
     D:2: 1281 daAuts
     D:1: 1068 daAuts
     D:3: 255 daAuts
     D:4: 10 daAuts
